cohdb
Replays
Latest Replays
All Replays
Popular Replays
Top Player Replays
Match Explorer
How It Works
Community
CoH3 Stats
Reddit
Sign in to upload your games and track your stats! →
Sign in with Steam
Match 42936950
Unlisted
Match 42936950
Overview
Messages
Build Orders
End
Construct Infanterie Kompanie
Grenadier Squad
MG 42 Machine Gun Team
Grenadier Squad
MG 42 Machine Gun Team
GrW 34 Mortar Team
Infanterie Officer Quarters
MG 42 Bunker
Construct Panzergrenadier Kompanie
Construct Panzer Kompanie
GrW 34 Mortar Team
Panzer IV Medium Tank
Stoßtruppen Squad
Stoßtruppen Squad
Medical Station
Stoßtruppen Squad
Panzer Officer Quarters
GunGrave
Kira [NL]
Darbesky
BrickTop
0
0
Comments
sign in to comment!
No comments posted yet!